Map: Terraform LE (Void)

Players

MoonLjth

  • Race: Protoss Protoss
  • League: Platinum

iQuitBYE

  • Race: Protoss Protoss
  • League: Grandmaster

Night

  • Race: Terran Terran
  • League: Master

Robocop

  • Race: Terran Terran
  • League: Grandmaster

VOD

Have the link to the VOD?

Description

Time

  • Played on: Oct. 3, 2015, 1:33 p.m.
  • Length: 6:11
Show
View Real Time Build Order
Export as new Build Order

MoonLjth Protoss 

Build Orders: 1 Gate Expand, Blink Stalkers 

Get SALT Encoding   

  12  0:01  Probe (Chrono Boost)  
  13  0:15  Pylon  
  13  0:18  Probe (Chrono Boost)  
  15  0:28  Probe (Chrono Boost)  
  15  0:35  Gateway  
  15  0:39  Probe (Chrono Boost)  
  16  0:45  Assimilator  
  16  0:49  Probe (Chrono Boost)  
  17  1:00  Probe (Chrono Boost)  
  18  1:10  Probe (Chrono Boost)  
  19  1:21  Probe (Chrono Boost)  
  20  1:30  Nexus  
  20  1:40  Cybernetics Core  
  20  1:46  Pylon  
  20  1:49  Probe (Chrono Boost)  
  21  1:57  Assimilator  
  21  2:02  Probe (Chrono Boost)  
  22  2:13  Probe (Chrono Boost)  
  23  2:16  Warp Gate  
  23  2:22  Stalker  
  25  2:24  Mothership Core (Chrono Boost)  
  25  2:26  Pylon  
  27  2:42  Probe (Chrono Boost)  
  28  2:53  Stalker, Probe x2 (Chrono Boost), Twilight Council  
  32  3:03  Probe x2 (Chrono Boost)  
  34  3:14  Probe (Chrono Boost)  
  34  3:19  Probe (Chrono Boost)  
  34  3:20  Pylon  
  34  3:25  Probe (Chrono Boost)  
  35  3:30  Probe (Chrono Boost)  
  36  3:37  Probe  
  36  3:38  Robotics Facility  
  37  3:41  Probe  
  37  3:42  Blink (Chrono Boost)  
  38  3:49  Probe  
  38  3:52  Probe  
  40  4:01  Pylon  
  40  4:02  Probe  
  41  4:03  Probe  
  38  4:14  Probe x2  
  37  4:24  Probe  
  37  4:26  Probe  
  37  4:30  Stalker  
  39  4:33  Assimilator  
  39  4:35  Probe  
  39  4:36  Assimilator  
  39  4:38  Probe  
  41  4:39  Observer (Chrono Boost)  
  41  4:41  Gateway  
  41  4:42  Gateway  
  42  4:45  Probe  
  42  4:50  Probe  
  40  4:56  Probe  
  40  4:57  Stalker  
  30  5:02  Probe  
  30  5:07  Probe  
  23  5:14  Probe  
  23  5:17  Probe  
  25  5:27  Probe (Chrono Boost)  
  26  5:33  Probe (Chrono Boost)  
  27  5:38  Probe (Chrono Boost)  
  26  5:44  Probe (Chrono Boost)  
  26  5:54  Probe (Chrono Boost)  
Show
View Real Time Build Order
Export as new Build Order

iQuitBYE Protoss 

Build Orders:  

Get SALT Encoding   

  12  0:01  SCV  
  13  0:13  SCV  
  14  0:17  Supply Depot  
  14  0:24  Refinery  
  14  0:28  SCV  
  15  0:42  Barracks  
  15  0:45  SCV  
  16  0:57  SCV  
  17  1:09  SCV  
  18  1:21  SCV  
  19  1:30  Factory  
  20  1:34  Orbital Command  
  20  1:45  Barracks Reactor  
  19  1:51  Supply Depot  
  19  1:59  SCV  
  20  2:11  SCV  
  21  2:22  Starport  
  21  2:24  SCV  
  21  2:25  Hellion  
  21  2:26  Hellion  
  26  2:31  Supply Depot  
  26  2:36  SCV  
  27  2:45  Command Center  
  27  2:52  Hellion  
  31  2:59  Medivac  
  31  3:01  SCV  
  31  3:05  Refinery  
  32  3:09  Supply Depot  
  32  3:15  SCV  
  33  3:22  Hellion  
  33  3:23  Hellion  
  37  3:32  SCV  
  38  3:35  Medivac  
  40  3:44  SCV  
  40  3:45  Hellion  
  40  3:47  Hellion  
  45  3:49  Barracks Tech Lab  
  45  3:59  Orbital Command  
  45  4:00  SCV  
  46  4:09  Marine  
  46  4:10  Stimpack  
  47  4:23  SCV  
  48  4:24  SCV  
  48  4:28  Widow Mine x2  
  53  4:38  SCV x2  
  55  4:39  Marine  
  55  4:43  Barracks  
  56  4:47  Barracks  
  54  5:05  SCV x2, Widow Mine x2  
  54  5:06  Medivac  
  60  5:17  SCV  
  60  5:18  SCV  
  62  5:24  Supply Depot  
  62  5:25  Supply Depot  
  62  5:42  Command Center  
  62  5:46  SCV x2, Marine  
  65  5:58  SCV x2  
  65  6:03  Barracks Tech Lab  
  69  6:04  Barracks Reactor, Barracks  
  69  6:07  Barracks  
  69  6:11  Refinery  
Show
View Real Time Build Order
Export as new Build Order

Night Terran 

Build Orders:  

Get SALT Encoding   

Show
View Real Time Build Order
Export as new Build Order

Robocop Terran 

Build Orders:  

Get SALT Encoding   

Tags
 
Add a new tag
Caveats
  • Supply blocks, unpowered buildings, or Contaminate may cause inaccurate times.
  • Supply counts are checked every 10 seconds.